Cogmind - Beta 13 X1 @@@ ROGUE MODE // 2023.06.22 @ 20:03:31 Player: Cracklepappy Result: Destroyed by E9-83P(R) with Subdweller Beam Cannon Performance ------------- Evolutions (0) 0 Regions Visited (3) 600 Robots Destroyed (40) 200 Value Destroyed (871) 871 Prototype IDs (2) 40 Alien Tech Used (0) 0 Bonus (8) 8 TOTAL SCORE: 1719 Bonus ------- High Alert Combat Kills 8 Cogmind --------- Core Integrity 0/250 Matter 235/300 Energy 80/100 System Corruption 0% Temperature Warm (198) Movement Treading (160) Location -10/Subcaves Parts ------- > --- POWER (1) -------- (None) > --- PROPULSION (2) --- Light Treads Light Treads > --- UTILITY (2) ------ Large Storage Unit Core Shielding > --- WEAPON (2) ------- Grenade Launcher Hammer > --- INVENTORY (15) --- Aluminum Leg Aluminum Leg Medium Storage Unit High-capacity Matter Pod (0) Light Armor Plating Hacking Suite Subdweller Laser Assault Rifle Light Assault Rifle Battle Rifle Grenade Launcher Mining Laser Piercing Trap Peak State ------------ > --- POWER ------------ Light Ion Engine > --- PROPULSION ------- Light Treads Wheel > --- UTILITY ---------- Small Storage Unit Seismic Detector > --- WEAPON ----------- Medium Laser Assault Rifle > --- INVENTORY -------- Light Ion Engine Light Treads Aluminum Leg Aluminum Leg Compact Wheel Improved Terrain Scanner EM Pulse Gun Mining Laser [Rating: 8] Favorites ----------- Power Ion Engine Engine Ion Engine Propulsion Light Treads Treads Light Treads Wheel Wheel Utility Core Shielding Device Seismic Detector Storage Large Storage Unit Protection Core Shielding Weapon Light Assault Rifle Energy Gun Medium Laser Ballistic Gun Light Assault Rifle Ballistic Cannon Light Cannon Launcher Grenade Launcher Impact Weapon Hammer Build | -11 -10 -10 -10 ------- Run | Jun Mat Min Sub Slots Evolved . | . . . . Power . | . . . . Propulsion . | . . . . Utility . | . . . . Weapon . | . . . . Parts Attached 29 | 7 15 . 7 Power 2 | 1 1 . . Engine 2 | 1 1 . . Core . | . . . . Reactor . | . . . . Propulsion 6 | 2 3 . 1 Treads 5 | 1 3 . 1 Leg . | . . . . Wheel 1 | 1 . . . Hover . | . . . . Flight . | . . . . Utility 6 | 2 4 . . Device 1 | 1 . . . Storage 3 | 1 2 . . Processor . | . . . . Hackware . | . . . . Protection 2 | . 2 . . Artifact . | . . . . Weapon 15 | 2 7 . 6 Energy Gun 1 | 1 . . . Energy Cannon . | . . . . Ballistic Gun 6 | 1 3 . 2 Ballistic Cannon 1 | . 1 . . Launcher 4 | . 1 . 3 Special Weapon . | . . . . Impact Weapon 3 | . 2 . 1 Slashing Weapon . | . . . . Piercing Weapon . | . . . . Special Melee Weapon . | . . . . Unidentified Prototypes . | . . . . Parts Lost 3 | . . . 3 Power 1 | . . . 1 Propulsion 1 | . . . 1 Utility . | . . . . Weapon 1 | . . . 1 Highest Loss Streak 1 | . . . 1 To Critical Strikes . | . . . . Average Slot Usage (%) 97 | . 99 100 90 Engine 11 | . 14 14 5 Treads 27 | . 27 28 28 Device 2 | . 5 . . Storage 14 | . 14 14 14 Protection 11 | . 8 14 14 Energy Gun 2 | . 5 . . Ballistic Gun 13 | . 18 14 7 Ballistic Cannon 4 | . . 14 1 Launcher 5 | . . . 17 Impact Weapon 1 | . 4 . . Naked Turns . | . . . . Heaviest Build 31 | 13 30 30 31 Greatest Support 40 | 10 40 40 40 Greatest Overweight (x) 1 | 1 1 . . Average Overweight (x) . | . . . . Largest Inventory Capacity 15 | 8 15 15 15 Average Capacity 12 | 7 10 15 15 Most Carried 14 | 8 12 12 14 Average Carried 10 | 5 9 12 12 Final Capacity 15 | 8 15 15 15 Final Carried 13 | 8 12 12 13 Class Distribution -------------------- 84% | Mutant 15% | Scavenger-Mutant Dominant Class ---------------- Mutant | -10/Materials Mutant | -10/Mines Mutant | -10/Subcaves Resources | -11 -10 -10 -10 ----------- Run | Jun Mat Min Sub Matter Collected 1135 | 309 533 20 273 Remotely . | . . . . Salvage Created 1088 | 164 729 66 129 Parts 78 | 11 50 5 12 Haulers Intercepted 2 | . 2 . . Recyclers Shooed . | . . . . Parts Field Recycled . | . . . . Retrieved Matter . | . . . . Parts Self-Destructed . | . . . . Prevented . | . . . . Kills | -11 -10 -10 -10 ------- Run | Jun Mat Min Sub Combat Hostiles Destroyed 27 | . 19 2 6 Guns 16 | . 16 . . Cannons 2 | . . 2 . AOE 8 | . 2 . 6 Classes Destroyed 10 | 2 6 . 2 Worker 1 | . 1 . . Tunneler 5 | 4 1 . . Hauler 2 | . 2 . . Recycler 1 | 1 . . . Operator 2 | . 2 . . Watcher 2 | . 2 . . Swarmer 9 | . 9 . . Grunt 12 | . 10 2 . Artisan 1 | . . . 1 Subdweller 6 | . . . 6 Best Kill Streak 8 | 2 8 2 2 Combat Bots Only 6 | . 6 2 2 Max Kills in Single Turn 2 | 1 2 1 1 Gunslinging 1 | . 1 . . Exploded 2 | . 2 . 1 Melee . | . . . . Uniques/NPCs Destroyed . | . . . . Combat | -11 -10 -10 -10 -------- Run | Jun Mat Min Sub Damage Taken 1209 | . 691 45 473 Core 273 | . 132 . 141 Absorbed by Shields . | . . . . Redirected to Shielding 33 | . 2 . 31 Regen/Repaired (Parts) 162 | . 162 . . Core Remaining (%) 100 | 100 . . . Volleys Fired 95 | 13 58 3 21 Largest 2 | 2 2 2 2 Hottest 70 | 70 70 55 60 Shots Fired 175 | 26 114 6 29 Gun 143 | 26 113 3 1 Cannon 3 | . . 3 . Launcher 29 | . 1 . 28 Special . | . . . . Kinetic 98 | 13 78 6 1 Thermal 48 | 13 35 . . Explosive 29 | . 1 . 28 Electromagnetic . | . . . . Robot Hit Streak 17 | 11 13 5 17 Robot Miss Streak 6 | 2 6 1 1 Penetration Max . | . . . . Secondary Targets 3 | . 3 . . Max Gunslinging Chain 1 | . 1 . . Shots Hit Robots 121 | 19 78 5 19 Core Hits 62 | 6 39 4 13 Critical Kills . | . . . . Critical Parts Destroyed . | . . . . Critical Strikes 5 | 1 4 . . Burn 5 | 1 4 . . Melee Attacks 10 | . 5 . 5 Impact 10 | . 5 . 5 Slashing . | . . . . Piercing . | . . . . Sneak Attacks 1 | . 1 . . Combat Hostiles . | . . . . Follow-up Attacks . | . . . . Damage Inflicted 2344 | 240 1175 82 847 Guns 1215 | 240 947 15 13 Cannons 57 | . . 57 . Explosions 917 | . 163 . 754 Melee 141 | . 61 . 80 Ramming 14 | . 4 10 . Kinetic 784 | 118 581 72 13 Thermal 488 | 122 366 . . Explosive 917 | . 163 . 754 Electromagnetic . | . . . . Impact 141 | . 61 . 80 Slashing . | . . . . Piercing . | . . . . Highest Corruption . | . . . . Average Corruption . | . . . . Corruption Purged . | . . . . Corruption Blocked . | . . . . Overload Shots . | . . . . Overflow Damage 12 | . 11 . 1 Projectiles . | . . . . Explosions 4 | . 3 . 1 Melee 8 | . 8 . . Knockbacks 1 | . 1 . . Impact 1 | . 1 . . Kinetic . | . . . . Secondary . | . . . . Self-Inflicted Damage 184 | . 31 . 153 Shots 12 | . 1 . 11 Rammed 3 | . 2 1 . Targets Rammed 3 | . 2 1 . Kicked . | . . . . Crushed . | . . . . Highest Temperature 234 | 36 165 50 234 Average Temperature 34 | 13 37 26 211 Received Heat Transfer 597 | . 204 42 351 Siege Activations . | . . . . Robots Corrupted . | . . . . Combat Hostiles . | . . . . Parts Fried 1 | . 1 . . Impact Corruptions 1 | . 1 . . Robots Melted 1 | . 1 . . Combat Hostiles 1 | . 1 . . Parts Melted 4 | . 4 . . Heat Transferred 1813 | 444 1369 . . Parts Sabotaged . | . . . . Parts Stolen . | . . . . Parts Stripped . | . . . . Power Chain Reactions . | . . . . Missiles Intercepted . | . . . . Alert | -11 -10 -10 -10 ------- Run | Jun Mat Min Sub Peak Influence 439 | 25 439 183 . Initial 133 | . 16 133 . Average 189 | 10 271 100 . Maximum Alert Level 2 | . 2 . . Low Security (%) 59 | 100 29 100 . Level 1 28 | . 50 . . Level 2 11 | . 20 . . Level 3 . | . . . . Level 4 . | . . . . Level 5 . | . . . . High Security . | . . . . Max Security . | . . . . Squads Dispatched 4 | . 4 . . Investigation 3 | . 3 . . Extermination . | . . . . Reinforcement 1 | . 1 . . Assault . | . . . . Garrison . | . . . . Intercept . | . . . . Searches Triggered . | . . . . Construction Impeded . | . . . . Haulers Reinforced . | . . . . Active Scanning Responses . | . . . . Cargo Convoy Interrupts . | . . . . Stealth | -11 -10 -10 -10 --------- Run | Jun Mat Min Sub Distress Signals 2 | . 2 . . Communications Jammed . | . . . . Distress Signals . | . . . . Times Spotted 40 | . 31 2 7 Peak Tracking Total 6 | . 6 2 2 Tactical Retreats 2 | . 1 . 1 Traps | -11 -10 -10 -10 ------- Run | Jun Mat Min Sub Traps Triggered 2 | . 2 . . Indirectly . | . . . . Trap Hack Attempts . | . . . . Triggered . | . . . . Disarmed . | . . . . Reprogrammed . | . . . . Reused . | . . . . Traps Extracted . | . . . . Installed . | . . . . Triggered . | . . . . Most Traps Carried 1 | . . . 1 Machines | -11 -10 -10 -10 ---------- Run | Jun Mat Min Sub Machines Disabled 1 | . 1 . . Max in Single Turn 1 | . 1 . . Machines Repaired . | . . . . Machines Sabotaged . | . . . . Overloaded Fab Kills . | . . . . Hacking | -11 -10 -10 -10 --------- Run | Jun Mat Min Sub Machines Accessed 6 | . 6 . . Terminals 4 | . 4 . . Fabricators . | . . . . Repair Stations 1 | . 1 . . Recycling Units 1 | . 1 . . Scanalyzers . | . . . . Garrison Access . | . . . . Total Hacks 21 | . 21 . . Successful 12 | . 12 . . Failed 8 | . 8 . . Catastrophic . | . . . . Database Lockouts 1 | . 1 . . Manual 5 | . 5 . . Terminals 16 | . 16 . . Fabricators . | . . . . Repair Stations 4 | . 4 . . Recycling Units 1 | . 1 . . Scanalyzers . | . . . . Garrison Access . | . . . . Terminal Hacks 7 | . 7 . . Part Schematic 2 | . 2 . . Prototype ID Bank 1 | . 1 . . Terminal Index 1 | . 1 . . Locate Traps 1 | . 1 . . Hauler Manifests 1 | . 1 . . Zone Layout 1 | . 1 . . Fabricator Hacks . | . . . . Repair Station Hacks 4 | . 4 . . Scan Component 2 | . 2 . . Repair 2 | . 2 . . Recycling Unit Hacks 1 | . 1 . . Retrieve Components 1 | . 1 . . Scanalyzer . | . . . . Garrison Access Hacks . | . . . . Unauthorized Hacks . | . . . . Terminals . | . . . . Fabricators . | . . . . Repair Stations . | . . . . Recycling Units . | . . . . Scanalyzers . | . . . . Garrison Access . | . . . . Data Cores Recovered 1 | . 1 . . Used . | . . . . Hacking Detections 5 | . 5 . . Full Trace Events 2 | . 2 . . Feedback Events . | . . . . Feedback Blocked . | . . . . Robot Schematics Acquired . | . . . . Robots Built . | . . . . Authchips . | . . . . Time . | . . . . Total Robot Build Rating . | . . . . Part Schematics Acquired 2 | . 2 . . Parts Built . | . . . . Authchips . | . . . . Time . | . . . . Total Part Build Rating . | . . . . Parts Repaired 2 | . 2 . . Time 52 | . 52 . . Parts Recycled . | . . . . Recycled Matter . | . . . . Retrieved Matter . | . . . . Retrieved Components 3 | . 3 . . Parts Scanalyzed . | . . . . Part Schematics Acquired . | . . . . Parts Damaged . | . . . . Bothacking | -11 -10 -10 -10 ------------ Run | Jun Mat Min Sub Used RIF Installer . | . . . . Robots Hacked . | . . . . Non-combat . | . . . . Combat . | . . . . Robot Hacks Applied . | . . . . Relay Couplers Released . | . . . . Fabnet Peak Effective % . | . . . . Robots Rewired . | . . . . Allies Hacked . | . . . . Hacks Repelled . | . . . . Allies | -11 -10 -10 -10 -------- Run | Jun Mat Min Sub Total Allies 3 | . . 3 . Largest Group 3 | . . 3 3 Highest-Rated Group 40 | . . 40 40 Highest-Rated Ally 16 | . . 16 16 Total Orders . | . . . . Ally Attacks 7 | . . . 7 Total Damage 69 | . . . 69 Kills . | . . . . Allies Corrupted . | . . . . Allies Melted . | . . . . Intel | -11 -10 -10 -10 ------- Run | Jun Mat Min Sub Robot Analysis Total . | . . . . Derelict Logs Recovered 1 | . . 1 . Drone Launches . | . . . . Drone Recoveries . | . . . . Exploration | -11 -10 -10 -10 ------------- Run | Jun Mat Min Sub Turns Passed 2706 | 172 1101 669 764 Spaces Moved 1401 | 126 448 400 427 Core 3 | 3 . . . Treads 1269 | . 442 400 427 Legs . | . . . . Wheels 129 | 123 6 . . Hover . | . . . . Flight . | . . . . Fastest Speed 50 | 50 95 160 160 Average Speed 153 | 89 159 160 160 Slowest Speed 160 | 95 160 160 160 Overloaded Moves . | . . . . Propulsion Burnouts . | . . . . Robots Hopped . | . . . . Cave-ins Triggered . | . . . . Exploration Rate (%) 48 | 5 65 98 27 Regions Visited 3 Branch Regions 2 Pre-discovered Areas 1 | . . 1 . Known Exits Taken . | . . . . Unknown Exits Taken 3 | 1 1 1 . Scrap Searched 2 | . . 1 1 Spaces Dug 10 | . 6 . 4 Terrain Destroyed 112 | . 6 . 106 Melee 2 | . 2 . . Projectile . | . . . . AOE 110 | . 4 . 106 Terrain Rammed . | . . . . Walls Destroyed . | . . . . Machines Disabled . | . . . . Actions | -11 -10 -10 -10 --------- Run | Jun Mat Min Sub Total 1767 | 157 717 423 470 Wait 190 | . 165 20 5 Move 1398 | 125 447 399 427 Hop . | . . . . Pick Up 27 | 11 12 . 4 Fast Attach 8 | 5 3 . . Attach 4 | 2 . . 2 Detach . | . . . . Swap 17 | . 12 . 5 Drop 15 | 1 13 . 1 Fire 95 | 13 58 3 21 Melee 10 | . 5 . 5 Ram . | . . . . Kick . | . . . . Crush 3 | . 2 1 . Escape Stasis . | . . . . Rewire . | . . . . Trap . | . . . . Miscellaneous . | . . . . Route ------- -11/Junkyard -10/Materials (discovered 2 exits: [*Mat] / [*Min]) -10/Mines (discovered 4 exits: [*Mat x2] / [*Exi] / [*Sub]) -10/Subcaves History --------- Turn | Location | Event 13 | -11/Junkyard | Discovered new exit (range 14) 173 | -11/Junkyard | Entered Materials 242 | -10/Materials | Central database locked down 309 | -10/Materials | Build established: Mutant 777 | -10/Materials | Discovered new exit (range 7) 878 | -10/Materials | Discovered new exit (range 14) 991 | -10/Materials | Build established: Scavenger-Mutant 1013 | -10/Materials | Repaired Lgt. Treads 1041 | -10/Materials | Repaired Lgt. Armor Plating 1165 | -10/Materials | Core integrity fell below 50% 1274 | -10/Materials | Entered Mines 1388 | -10/Mines | Build established: Mutant 1427 | -10/Mines | Discovered new exit (range 10) 1525 | -10/Mines | Deemed a non-threat by the Exiles lab entrance 1525 | -10/Mines | Discovered new exit (range 5) 1571 | -10/Mines | Assisted by bots powering up and referring to "LRC-V3" 1637 | -10/Mines | Learned location of Storage (-7) 1675 | -10/Mines | Discovered new exit (range 11) 1771 | -10/Mines | Discovered new exit (range 15) 1943 | -10/Mines | Entered Subcaves 1943 | -10/Subcaves | Accompanied by 3 allies 2227 | -10/Subcaves | Shifting Twisted Machinery released Battle Rifle 2262 | -10/Subcaves | Shifting Twisted Machinery released Flamer 2499 | -10/Subcaves | Disturbed a concealed Subdweller 2553 | -10/Subcaves | Core integrity fell below 20% 2623 | -10/Subcaves | A swath of the cavern ceiling suddenly collapsed 2707 | -10/Subcaves | Destroyed by E9-83P(R) with Subdweller Beam Cannon Last Messages --------------- 02528_ Acquired 7 matter. 02533_ Searching scrap... 02533_ Found Piercing Trap. 02533_ Found 16 Matter. 02534_ Acquired 16 matter. 02536_ Acquired Piercing Trap. 02539_ The unstable cave ceiling collapses. 02551_ HJ-JO3(R): "LEAVESUB!" 02558_ HJ-JO3(R) destroyed. 02564_ Acquired 1 matter. 02568_ The unstable cave ceiling collapses. 02612_ Dropped Hcp. Matter Pod. 02613_ Extracted 200 matter. 02614_ Acquired Hcp. Matter Pod. 02620_ The unstable cave ceiling collapses. A swath of the cavern ceiling suddenly collapses. 02641_ VN-0DV(z): "She is not going to be happy we haven't found any suitable candidates yet." 02705_ Lgt. Treads destroyed. 02705_ Critical hit (Meltdown: +270). Map ----- +----------------------------------------------------+ | ?????????????????????????????????????????????????# | | ?????????????????????????????????????????????????# | | ????????????????????????????????????????????????## | | ???????????????????????????????????????????????## | | ??????????????????????????????????????????????## | | ?????????????????????????????????????????????## | | ?????????????????????????????????????????????# | | ?????????????????????????????????????????????## | | ??????????????????????????????????????????????## | | ???????????????????????????????????????????????# | | ???????????????????????????????????????????????# | | ????????????????????????????????????????####???# | | ????????????????????????????????????????# ##### | | ????????????????????????????????????????#" # | | ???????????????????????????????????????## | | ???????????????????????????????????????# # & | | ???????????????????????????????????????##&# ! | | ????????????????????????????????????????#" # | | ??????????????????????????????###?###??#### | | ??????????????????????????????# ### ##?# | | ?????????????????????????###### #?# | | ????????????????????????##;#" # ### | | ????????????????????????#;;"#" | | ???????????????????????##;;"#""# | | ???????????????????????##;##"#""" ## # | | ???????????????????????#;@;###### ##### ###= | | ???????????????????????#R ### ### ##???#### | | ???????????????????????# #; ##"## "##??????# | | ???????????????????????##"; #""# #""""????# | | ???????????????????????? ## #"#####"""#????# | | ???????????????????????? "## ## ????? ""?????# # | | ?????????????????????????"# ? ?????? "?????? # | | ??????????????????????????##?##??????#??????# ""## | | ????????????????????????? ??????????????????#""#?? | | ????????????????????????????????????????????###??? | | ?????????????????????????????????????????????????? | | ?????????????????????????????????????????????????? | | ?????????????????????????????????????????????????? | | ?????????????????????????????????????????????????? | | ?????????????????????????????????????????????????? | | ?????????????????????????????????????????????????? | | ?????????????????????????????????????????????????? | | ?????????????????????????????????????????????????? | | ?????????????????????????????????????????????????? | | ?????????????????????????????????????????????????? | | ?????????????????????????????????????????????????? | | ?????????????????????????????????????????????????? | | ?????????????????????????????????????????????????? | | ?????????????????????????????????????????????????? | | | +----------------------------------------------------+ Best States ------------- Heat Dissipation 25 Energy Generation 10 Energy Capacity 250 Matter Stores 300 Matter Capacity 300 Sight Range 16 Terrain Scan Density 10 Armor Coverage 150 Core Shielding 20 Evasion (%) 44 Recoil Reduction 2 Item Schematics ----------------- Huge Storage Unit | -10/Materials | Hacked Hcp. Storage Unit | -10/Materials | Hacked Robot Schematics ------------------ None Fabricated ------------ Nothing Alien Tech Used ----------------- None Achievements -------------- None Challenges ------------ None Game ------ Seed DrainedForceWand Manual? 0 Play Time 00:20:33 Cumulative 534.9 hours Start 2023.06.22 @ 19:43:33 End 2023.06.22 @ 20:03:31 Sessions 1 Manual Loads 0 Difficulty Rogue Special Mode None Game No. 380 Rogue 380 Adventurer 0 Explorer 0 Win Type - Total 17 Types 9/3/1/0/0/1/2/1/0 Lore% 79 Gallery% 90 Achievement% 79 Wizard Run 0 Options --------- ASCII 0 Keyboard 0 Movement Numpad Keybinds 0 Fullscreen 2 Font 24/Terminus Map View 76x50 Tactical HUD 1 Map Filters NONE Filters NONE Steam 1 RUN: 7173a582-527c-49ec-96d2-24df930b54e2